[Event "Titled Tuesday Blitz January 10 Late 2023"]
[White "Kobalia, Mikhail"]
[Black "Winterberg, Lukas"]
[WhiteFideId "4119150"]
[BlackFideId "24622702"]
[WhiteElo "2578"]
[BlackElo "2402"]
[Result "1-0"]
[Round "06"]
[TimeControl "180+2"]
[Date "2023.01.10"]
[WhiteClock "0:01:07"]
[BlackClock "0:01:45"]

1. e4 e6 2. d3 d5 3. Nd2 Nc6 4. Ngf3 Nf6 5. e5 Nd7 6. d4 f6 7. Bb5 fxe5 8. dxe5 Bc5 9. Nb3 Be7 10. Bxc6 bxc6 11. Nfd4 Nb8 12. Qh5+ g6 13. Qh3 Qd7 14. Bh6 c5 15. Nf3 c4 16. Nbd4 c5 17. Bg7 Rg8 18. Qxh7 Rxg7 19. Qxg7 cxd4 20. Qxg6+ Kd8 21. Nxd4 Nc6 22. Nxc6+ Qxc6 23. h4 Rb8 24. h5 Rxb2 25. h6 Bb4+ 26. Kf1 Bc3 27. h7 Bxe5 28. Qg5+ 1-0


[Site "https://www.chess.com"]

[Event "Titled Tuesday Blitz January 10 Late 2023"]
[White "gshwbedhkhd"]
[Black "Tan, Zhongyi"]
[BlackFideId "8603642"]
[WhiteElo "2527"]
[BlackElo "2517"]
[Result "1-0"]
[Round "06"]
[TimeControl "180+2"]
[Date "2023.01.10"]
[WhiteClock "0:00:47"]
[BlackClock "0:00:10"]

1. e4 e5 2. Nc3 Nf6 3. f4 d5 4. fxe5 Nxe4 5. Qf3 Nxc3 6. bxc3 c5 7. Rb1 Nc6 8. Qg3 g6 9. Nf3 Bg7 10. Bb5 O-O 11. O-O Bf5 12. Ba3 Bxc2 13. Rb2 Be4 14. Bxc6 bxc6 15. Bxc5 Re8 16. d4 f6 17. Rb7 fxe5 18. Nxe5 Bxe5 19. dxe5 Rb8 20. Rxa7 Rb2 21. Rff7 g5 22. Bd4 c5 23. Rg7+ Kh8 24. Rxh7+ Bxh7 25. e6+ Kg8 26. Rg7+ Kh8 27. Re7+ Kg8 28. Qxg5+ 1-0


[Site "https://www.chess.com"]

[Event "Titled Tuesday Blitz January 10 Late 2023"]
[White "Injac, Teodora"]
[Black "Suvorov, Luca"]
[WhiteFideId "932400"]
[BlackFideId "12977071"]
[WhiteElo "2391"]
[BlackElo "2310"]
[Result "1-0"]
[Round "06"]
[TimeControl "180+2"]
[Date "2023.01.10"]
[WhiteClock "0:00:10"]
[BlackClock "0:00:01"]

1. d4 Nf6 2. Nf3 d6 3. g3 Nbd7 4. Nc3 g6 5. Bg2 Bg7 6. O-O O-O 7. a4 c6 8. e4 e5 9. h3 a5 10. Re1 Re8 11. Be3 exd4 12. Bxd4 Qc7 13. Qd2 Ne5 14. Nh2 Be6 15. b3 c5 16. Nb5 Qb6 17. Bc3 Rad8 18. Bxa5 Qc6 19. Bxd8 Rxd8 20. f4 Ned7 21. Rad1 Ne8 22. e5 Qb6 23. Nxd6 c4+ 24. Qd4 cxb3 25. cxb3 Bxb3 26. Qxb6 Nxb6 27. Rb1 Nxd6 28. Rxb3 Ndc4 29. a5 Na4 30. Rxb7 Bf8 31. Ng4 Bc5+ 32. Kh2 Nxa5 33. Rd7 Rxd7 34. Nf6+ Kg7 35. Nxd7 Nb3 36. Nxc5 Naxc5 37. Bd5 Nd4 38. Ra1 Nce6 39. Ra7 Kg8 40. Kg2 h5 41. h4 Kg7 42. Kf2 Kg8 43. Bxe6 Nxe6 44. Ke3 Ng7 45. Ra8+ Kh7 46. Kf3 Nf5 47. Ra7 Kg8 48. Ra6 Kf8 49. Rf6 Kg7 50. Kg2 Ne3+ 51. Kh3 Ng4 52. Ra6 Ne3 53. e6 f5 54. e7 Kf7 55. Re6 1-0


[Site "https://www.chess.com"]

[Event "Titled Tuesday Blitz January 10 Late 2023"]
[White "Mikhailov, Viacheslav"]
[Black "Bambino Filho, Antonio Carlos"]
[WhiteFideId "4187369"]
[BlackFideId "2113163"]
[WhiteElo "2428"]
[BlackElo "2144"]
[Result "1-0"]
[Round "06"]
[TimeControl "180+2"]
[Date "2023.01.10"]
[WhiteClock "0:01:12"]
[BlackClock "0:00:24"]

1. Nf3 c5 2. g3 Nc6 3. Bg2 g6 4. d4 cxd4 5. Nxd4 Bg7 6. Nxc6 bxc6 7. O-O Nf6 8. c4 O-O 9. Nc3 Rb8 10. b3 Ne4 11. Nxe4 Bxa1 12. Bf4 e5 13. Qxa1 f6 14. Bh6 Re8 15. Nd6 Re6 16. c5 Ba6 17. Re1 Qa5 18. Ne4 Kf7 19. Bh3 Re7 20. Qd1 g5 21. Bf5 Rb4 22. e3 Rb5 23. Nd6+ Kg8 24. Nxb5 Bxb5 25. Kg2 Qb4 26. Qd6 Qxe1 27. Qb8+ 1-0


[Site "https://www.chess.com"]

[Event "Titled Tuesday Blitz January 10 Late 2023"]
[White "Urbina Perez, Juan Antonio"]
[Black "Hsu, Li Yang"]
[WhiteFideId "2217368"]
[BlackFideId "5800080"]
[WhiteElo "2266"]
[BlackElo "2427"]
[Result "1/2-1/2"]
[Round "06"]
[TimeControl "180+2"]
[Date "2023.01.10"]
[WhiteClock "0:01:30"]
[BlackClock "0:00:30"]

1. d4 Nf6 2. Nf3 c5 3. g3 cxd4 4. Nxd4 Nc6 5. Nxc6 bxc6 6. Bg2 d5 7. O-O e6 8. c4 Be7 9. Nc3 O-O 10. cxd5 cxd5 11. e4 dxe4 12. Nxe4 Nxe4 13. Bxe4 Rb8 14. Qxd8 Rxd8 15. Be3 a5 16. b3 Bb7 17. Bxb7 Rxb7 18. Rfd1 f6 19. Rxd8+ Bxd8 20. Rd1 Be7 21. Rc1 Kf7 22. Bc5 Rc7 23. Be3 Rb7 24. Bc5 Rc7 25. Be3 Rxc1+ 26. Bxc1 e5 27. Kf1 Ke6 28. Ke2 Kd5 29. Kd3 e4+ 30. Ke2 f5 31. Bb2 g5 32. f3 f4 33. gxf4 gxf4 34. h3 Bc5 35. Bc1 Bd6 36. Bd2 Bc7 37. Bc3 h5 38. Bb2 Bd6 39. Bc1 Be5 40. Bd2 Bc7 41. Bc3 Bb6 42. Bd2 Bc7 43. Bc3 Bd8 44. Bd2 Ke5 45. Bc3+ Kf5 46. Bd2 e3 47. Be1 Ke5 48. Kd3 Kd5 49. Bc3 Bb6 50. Be1 Bc7 51. Bc3 Kc5 52. Be1 Kb5 53. Bc3 a4 54. bxa4+ Kxa4 55. Bd4 Ka3 56. Bxe3 fxe3 57. Kxe3 Kxa2 58. f4 Kb3 59. f5 Kc4 60. f6 Kd5 61. f7 Bd6 62. f8=Q Bxf8 63. Kf4 Be7 64. h4 Ke6 65. Kf3 Kf5 66. Kg2 Kg4 67. Kh1 Kg3 68. Kg1 Bc5+ 69. Kh1 Kf2 70. Kh2 Kf1 71. Kh1 Bf2 72. Kh2 Ke2 73. Kh1 Kf3 74. Kh2 Kg4 75. Kh1 Bg3 76. Kg1 Kh3 77. Kh1 Bf4 78. Kg1 Be5 79. Kh1 Bd6 80. Kg1 Kg3 81. Kh1 Kg4 82. Kg1 Be5 83. Kh1 Bf4 84. Kg1 Bg3 85. Kh1 Bc7 86. Kg1 Bb8 87. Kh1 Ba7 88. Kh2 Kf3 89. Kh1 Kf2 90. Kh2 Kf1 91. Kh1 Bb6 92. Kh2 Bc5 93. Kh1 Bd4 94. Kh2 Be3 95. Kh1 Bf2 96. Kh2 Bxh4 97. Kh1 Bg5 98. Kh2 Kf2 99. Kh1 Kf3 100. Kh2 Kg4 101. Kh1 Kg3 102. Kg1 Be3+ 103. Kh1 Bf2 1/2-1/2


[Site "https://www.chess.com"]

[Event "Titled Tuesday Blitz January 10 Late 2023"]
[White "Ansh M Shah"]
[Black "Leiva, Gianmarco"]
[WhiteFideId "25033379"]
[BlackFideId "3804399"]
[WhiteElo "2171"]
[BlackElo "2392"]
[Result "1-0"]
[Round "06"]
[TimeControl "180+2"]
[Date "2023.01.10"]
[WhiteClock "0:00:18"]
[BlackClock "0:00:03"]

1. d3 Nf6 2. Nf3 d5 3. g3 Bg4 4. Bg2 c6 5. O-O Nbd7 6. c4 e6 7. b3 Bd6 8. Bb2 O-O 9. h3 Bh5 10. Nbd2 Qe7 11. e4 dxe4 12. dxe4 Ba3 13. Qc2 Bxb2 14. Qxb2 Bxf3 15. Bxf3 e5 16. Rfd1 Nc5 17. b4 Nd3 18. Qc3 Nxb4 19. Rdb1 Na6 20. Nf1 Rfd8 21. Ne3 g6 22. g4 Nc5 23. Qc2 Ne6 24. h4 Nd7 25. g5 Ndc5 26. Ng4 Nd4 27. Qd1 h5 28. Nf6+ Kg7 29. Bg2 Ndb3 30. Qxd8 Rxd8 31. axb3 Nd3 32. Rxa7 Qc5 33. Ra2 Nf4 34. Bf3 Rd3 35. Ra8 Qf8 36. Rxf8 Kxf8 37. Bg2 Ke7 38. Bf1 1-0


[Site "https://www.chess.com"]

[Event "Titled Tuesday Blitz January 10 Late 2023"]
[White "Pasti, Aron"]
[Black "Bjelobrk, Igor"]
[WhiteFideId "785857"]
[BlackFideId "4300726"]
[WhiteElo "2361"]
[BlackElo "2403"]
[Result "1-0"]
[Round "06"]
[TimeControl "180+2"]
[Date "2023.01.10"]
[WhiteClock "0:02:31"]
[BlackClock "0:01:17"]

1. e4 c5 2. Nf3 e6 3. d4 cxd4 4. Nxd4 Nf6 5. Nc3 Nc6 6. Nxc6 bxc6 7. a3 d5 8. e5 Nd7 9. Bf4 g5 10. Bg3 Bg7 11. h4 Nxe5 12. hxg5 Qxg5 13. Rh5 h6 14. Rxg5 hxg5 15. Qd2 g4 16. O-O-O Ng6 17. Kb1 e5 18. Nxd5 cxd5 19. Qxd5 Rb8 20. Qd8# 1-0


[Site "https://www.chess.com"]

[Event "Titled Tuesday Blitz January 10 Late 2023"]
[White "Sourath Biswas"]
[Black "Andrews, Todd"]
[WhiteFideId "35091484"]
[BlackFideId "2012456"]
[WhiteElo "2281"]
[BlackElo "2220"]
[Result "1-0"]
[Round "06"]
[TimeControl "180+2"]
[Date "2023.01.10"]
[WhiteClock "0:01:57"]
[BlackClock "0:00:29"]

1. d4 Nf6 2. Bf4 c5 3. e3 e6 4. Nf3 d5 5. c3 Bd6 6. Bb5+ Nc6 7. Bg3 O-O 8. Nbd2 Qe7 9. Bxc6 bxc6 10. Qa4 Bb7 11. Qa3 Nd7 12. Nb3 Bxg3 13. hxg3 e5 14. Nxc5 Nxc5 15. Qxc5 Qxc5 16. dxc5 Rfe8 17. Kd2 Ba6 18. b4 h6 19. Nh4 g6 20. Nf3 Kg7 21. g4 Bc4 22. g5 h5 23. a4 a5 24. Rhb1 Reb8 25. Nxe5 axb4 26. cxb4 Ra6 27. Nxc4 dxc4 28. Kc3 Rba8 29. Kxc4 Rxa4 30. Rxa4 Rxa4 31. Kb3 Ra7 32. Rd1 f6 33. gxf6+ Kxf6 34. Rd6+ Kf5 35. Rxc6 g5 36. b5 h4 37. b6 Ra1 38. Kb2 Ra5 39. Rc7 g4 40. b7 Rb5+ 41. Kc3 h3 42. gxh3 gxh3 43. c6 Kg6 44. Rc8 h2 45. Rh8 Rc5+ 46. Kd4 Rxc6 47. b8=Q 1-0


[Site "https://www.chess.com"]

[Event "Titled Tuesday Blitz January 10 Late 2023"]
[White "Arencibia Monduy, Antonio"]
[Black "Korchmar, Vasiliy"]
[WhiteFideId "3507939"]
[BlackFideId "24131750"]
[WhiteElo "2122"]
[BlackElo "2438"]
[Result "0-1"]
[Round "06"]
[TimeControl "180+2"]
[Date "2023.01.10"]
[WhiteClock "0:00:04"]
[BlackClock "0:00:05"]

1. c4 c6 2. Nc3 d5 3. e3 Nf6 4. Nf3 e6 5. b3 Bd6 6. Bb2 O-O 7. d4 Nbd7 8. Qc2 e5 9. dxe5 Nxe5 10. Nxe5 Bxe5 11. Rd1 Qe7 12. Be2 dxc4 13. Bxc4 Bg4 14. Be2 Qc5 15. Bxg4 Nxg4 16. h3 Nxe3 17. fxe3 Qxe3+ 18. Kf1 Rad8 19. Re1 Qf4+ 20. Qf2 Qxf2+ 21. Kxf2 Rd2+ 22. Kf1 Bg3 23. Rb1 Rfd8 24. Ne4 Rd1+ 25. Rxd1 Rxd1+ 26. Ke2 Rxh1 27. Nxg3 Rg1 28. Kf2 Rb1 29. Bd4 Rc1 30. Bxa7 Rc2+ 31. Kf3 Rxa2 32. Bc5 Rb2 33. b4 Rb3+ 34. Kf2 Rb2+ 35. Kf3 f6 36. Ne4 Rb3+ 37. Kf2 h5 38. Nd6 b6 39. Bxb6 Rxb4 40. Bc5 Rb2+ 41. Kf3 Rc2 42. Be3 Kf8 43. g4 h4 44. Nf5 g5 45. Nd4 Rh2 46. Nxc6 Rxh3+ 47. Ke4 Rg3 48. Bc5+ Kf7 49. Nd8+ Ke8 50. Ne6 Rxg4+ 51. Kf5 Rc4 52. Kxf6 h3 53. Bd6 g4 54. Ng7+ Kd7 55. Be5 Rc2 56. Nf5 h2 57. Bxh2 Rxh2 58. Kg5 Rg2 59. Nh4 Rg1 60. Kf4 Ke6 61. Ke3 Kf6 62. Kf2 Ra1 63. Kg3 Kg5 64. Ng2 Ra3+ 65. Kf2 Rb3 66. Kg1 Rb2 67. Kh2 Kh5 68. Kg3 Rb3+ 69. Kf4 Rb4+ 70. Kg3 Ra4 71. Nf4+ Kg5 72. Ng2 Kf5 73. Nh4+ Kg5 74. Ng2 Rd4 75. Kh2 Rd3 76. Kg1 g3 77. Kf1 Kg4 78. Ke2 Ra3 79. Ne3+ Rxe3+ 80. Kxe3 Kh3 81. Kf3 Kh2 0-1


[Site "https://www.chess.com"]

[Event "Titled Tuesday Blitz January 10 Late 2023"]
[White "Saveliev, Alexei"]
[Black "Yashmetov, Mikhail"]
[WhiteFideId "24128546"]
[BlackFideId "24198900"]
[WhiteElo "2385"]
[BlackElo "2323"]
[Result "1-0"]
[Round "06"]
[TimeControl "180+2"]
[Date "2023.01.10"]
[WhiteClock "0:00:58"]
[BlackClock "0:00:04"]

1. c4 Nf6 2. Nc3 g6 3. e4 d6 4. d4 Bg7 5. f4 O-O 6. Nf3 c5 7. d5 e6 8. Be2 exd5 9. cxd5 Re8 10. e5 dxe5 11. fxe5 Ng4 12. Bg5 Qb6 13. O-O Nxe5 14. Nxe5 Rxe5 15. Qd2 Bf5 16. Bc4 Nd7 17. d6 Be6 18. Bxe6 Rxe6 19. Be7 c4+ 20. Kh1 Qc5 21. Nd5 Rc8 22. a4 Re5 23. Nc3 Rh5 24. h3 Qc6 25. Qe3 Ne5 26. Rae1 Nd7 27. Re2 Re8 28. Ref2 Ne5 29. Qg3 f5 30. Re2 Nf7 31. Rd1 Qd7 32. Qf2 Be5 33. Nd5 Kg7 34. Rxe5 Nxe5 35. Nf6 Qe6 36. Nxe8+ Kf7 37. Nf6 Rg5 38. d7 Nxd7 39. Rxd7 Qe4 40. Nxe4 1-0


[Site "https://www.chess.com"]

[Event "Titled Tuesday Blitz January 10 Late 2023"]
[White "Carbone, Diego"]
[Black "Jakubowski, Krzysztof"]
[WhiteFideId "3002179"]
[BlackFideId "1112848"]
[WhiteElo "2336"]
[BlackElo "2486"]
[Result "1/2-1/2"]
[Round "06"]
[TimeControl "180+2"]
[Date "2023.01.10"]
[WhiteClock "0:00:03"]
[BlackClock "0:00:04"]

1. d4 Nf6 2. c4 g6 3. g3 d5 4. cxd5 Nxd5 5. Bg2 Bg7 6. Nf3 O-O 7. O-O Nb6 8. Nc3 Nc6 9. e3 Bg4 10. h3 Bxf3 11. Bxf3 e5 12. d5 Ne7 13. Bg2 f5 14. e4 f4 15. a4 a6 16. Qb3 Kh8 17. a5 Nbc8 18. Qxb7 Nd6 19. Qb3 f3 20. Bh1 Qd7 21. Qd1 Qxh3 22. Bxf3 Qd7 23. Na4 Qb5 24. Bg5 Ng8 25. Bd2 Rf7 26. Rc1 h5 27. Nc5 Raf8 28. Be2 Qe8 29. Ne6 Nxe4 30. Nxf8 Qxf8 31. Be3 Ngf6 32. Bd3 Bh6 33. Qe2 Bxe3 34. Qxe3 Nd6 35. Qxe5 Kh7 36. Rce1 Qg7 37. Bxa6 Qh6 38. Qe3 g5 39. Bd3+ Kg7 40. a6 h4 41. a7 hxg3 42. Qxg3 Nh5 43. Qe5+ Rf6 44. a8=Q Nf4 45. Qd8 Nh3+ 46. Kg2 Nf4+ 47. Qxf4 gxf4 48. Re7+ Nf7 49. Qxc7 Qg5+ 50. Kf3 Qh5+ 51. Ke4 Qf5+ 52. Kd4 Qg4 53. Rg1 Qxg1 54. Rxf7+ Rxf7 55. Qe5+ Kf8 56. Qd6+ Kg7 57. Qe5+ Kg8 58. Qe8+ Kg7 59. Qe5+ 1/2-1/2


[Site "https://www.chess.com"]

[Event "Titled Tuesday Blitz January 10 Late 2023"]
[White "Seletsky, Grigory"]
[Black "Karas, Marek"]
[WhiteFideId "14112191"]
[BlackFideId "14928558"]
[WhiteElo "2259"]
[BlackElo "2227"]
[Result "0-1"]
[Round "06"]
[TimeControl "180+2"]
[Date "2023.01.10"]
[WhiteClock "0:00:18"]
[BlackClock "0:01:41"]

1. e4 e5 2. Nf3 Nc6 3. Bb5 a6 4. Ba4 Nf6 5. O-O Be7 6. Re1 b5 7. Bb3 d6 8. c3 O-O 9. h3 Na5 10. Bc2 c5 11. d4 Qc7 12. Nbd2 cxd4 13. cxd4 Nc6 14. d5 Nb8 15. a4 Bb7 16. Nb3 Nbd7 17. Be3 Rfc8 18. Re2 Nb6 19. axb5 axb5 20. Na5 Nc4 21. Nxc4 Qxc4 22. Rxa8 Rxa8 23. Bd3 Qb4 24. Rc2 Bf8 25. Nd2 Rc8 26. Qc1 Rxc2 27. Qxc2 Qa5 28. Nb3 Qe1+ 29. Kh2 Qb4 30. Qc3 Qa4 31. Bd2 Nxe4 32. Qc2 Nxd2 0-1


[Site "https://www.chess.com"]

[Event "Titled Tuesday Blitz January 10 Late 2023"]
[White "TheKnightOfBosnia"]
[Black "Boder, Jan"]
[BlackFideId "16243226"]
[WhiteElo "2537"]
[BlackElo "2294"]
[Result "1-0"]
[Round "06"]
[TimeControl "180+2"]
[Date "2023.01.10"]
[WhiteClock "0:00:11"]
[BlackClock "0:00:02"]

1. e4 c5 2. Nf3 Nc6 3. d4 cxd4 4. Nxd4 g6 5. c4 Nf6 6. Nc3 Nxd4 7. Qxd4 d6 8. f3 Bg7 9. Be3 O-O 10. Qd2 Be6 11. Bd3 Rc8 12. b3 Qa5 13. Nd5 Qxd2+ 14. Kxd2 Nxd5 15. exd5 Bxa1 16. Rxa1 Bd7 17. Re1 a5 18. Bb6 Rfe8 19. a4 Ra8 20. f4 e6 21. dxe6 fxe6 22. Bc7 Bc6 23. g3 e5 24. fxe5 dxe5 25. Rxe5 Rxe5 26. Bxe5 Kf7 27. Kc3 Ke6 28. Bc7 Kd7 29. Bb6 Bf3 30. c5 Kc6 31. Kd4 Kd7 32. Bb5+ Bc6 33. Bc4 Ke7 34. Ke5 Kd7 35. Be6+ Ke7 36. Bc4 Kd7 37. Be6+ Ke7 38. Bc7 Ke8 39. Kf6 Be4 40. Kg7 Ke7 41. Bc4 h5 42. Bd6+ Kd7 43. Kf7 Re8 44. h4 Ra8 45. Bb5+ Bc6 46. Bxc6+ bxc6 47. Kxg6 Rh8 48. Kg5 Ke6 49. g4 hxg4 50. Kxg4 Rg8+ 51. Kf4 Rh8 52. Kg5 Rg8+ 53. Kf4 Rh8 54. Kg4 Rg8+ 55. Kf3 Kf5 56. Bc7 Rh8 57. Bxa5 Rxh4 58. b4 Rh3+ 59. Ke2 Ke4 60. b5 Rh2+ 61. Kf1 Kd5 62. b6 1-0


[Site "https://www.chess.com"]

[Event "Titled Tuesday Blitz January 10 Late 2023"]
[White "Defend, Balint"]
[Black "Tyagi, Kushan"]
[WhiteFideId "17004853"]
[BlackFideId "2040069"]
[WhiteElo "1673"]
[BlackElo "2060"]
[Result "1/2-1/2"]
[Round "06"]
[TimeControl "180+2"]
[Date "2023.01.10"]
[WhiteClock "0:00:07"]
[BlackClock "0:00:04"]

1. e4 c5 2. Nf3 e6 3. c3 Nf6 4. e5 Nd5 5. d4 cxd4 6. cxd4 b6 7. Bc4 Bb7 8. Bxd5 Bxd5 9. Nc3 Bc4 10. d5 Bc5 11. Bg5 Qc8 12. d6 O-O 13. Be7 Re8 14. Rc1 Nc6 15. Nd2 Bd3 16. Nce4 Nxe7 17. dxe7 Rxe7 18. Qf3 Bxe4 19. Qxe4 Qc6 20. Qxc6 dxc6 21. Ne4 Bd4 22. f4 c5 23. b3 Rd7 24. Ke2 Rad8 25. Rhd1 f5 26. exf6 gxf6 27. Rc2 Kf7 28. Rcd2 h6 29. Kf3 f5 30. Ng3 Ke7 31. Rd3 Bf6 32. Rxd7+ Rxd7 33. Rxd7+ Kxd7 34. Nf1 Kd6 35. Ke2 b5 36. Ne3 a5 37. Nc2 a4 38. Kd3 axb3 39. axb3 Kd5 40. Ne3+ Kc6 41. Nc2 Be7 42. g3 h5 43. Ne3 Bf6 44. Nc2 h4 45. Kd2 hxg3 46. hxg3 Kd5 47. Kd3 Bd4 48. Ne1 c4+ 49. bxc4+ bxc4+ 50. Ke2 Ke4 51. Nf3 c3 52. Ng5+ Kd5 53. Kd3 Bf2 54. Kxc3 Bxg3 55. Nh3 e5 56. fxe5 Kxe5 57. Kd3 Bh4 58. Ke2 Be7 59. Kf3 Bc5 60. Nf4 Bf8 61. Ng6+ Kf6 62. Nxf8 f4 63. Nh7+ Ke7 64. Ng5 Kd6 65. Ne4+ Kc6 66. Ng5 Kb5 67. Kxf4 1/2-1/2


[Site "https://www.chess.com"]

[Event "Titled Tuesday Blitz January 10 Late 2023"]
[White "Stavri, Gligor"]
[Black "Gavilan Diaz, Mario"]
[WhiteFideId "4706013"]
[BlackFideId "2260905"]
[WhiteElo "1867"]
[BlackElo "2271"]
[Result "0-1"]
[Round "06"]
[TimeControl "180+2"]
[Date "2023.01.10"]
[WhiteClock "0:00:01"]
[BlackClock "0:00:04"]

1. d4 Nf6 2. c4 c5 3. d5 e6 4. Nc3 exd5 5. cxd5 d6 6. Nf3 g6 7. Nd2 Bg7 8. e4 O-O 9. Be2 Re8 10. O-O a6 11. a4 Nbd7 12. h3 Rb8 13. Qc2 Qc7 14. Kh1 c4 15. Nxc4 b5 16. axb5 axb5 17. Ne3 b4 18. Nb5 Qb6 19. Nc4 Qxb5 20. Nxd6 Qb6 21. Nxe8 Nxe8 22. Be3 Bd4 23. Bxd4 Qxd4 24. f4 Nc5 25. Rfd1 Qe3 26. e5 Bf5 27. Qc4 Be4 28. Kh2 Qxf4+ 29. Kg1 Qe3+ 30. Kh2 Qf4+ 31. Kg1 Qg3 32. Bf1 Qe3+ 33. Kh2 Ng7 34. d6 Nf5 35. Ra7 Qf4+ 36. Kg1 Ne3 37. Qd4 Qg3 38. Qxc5 Bxg2 39. d7 Bf3+ 40. Bg2 Qxg2# 0-1


[Site "https://www.chess.com"]

[Event "Titled Tuesday Blitz January 10 Late 2023"]
[White "Maksimovic, Bojan"]
[Black "Gardezi, Arsal"]
[WhiteFideId "14408120"]
[BlackFideId "30949521"]
[WhiteElo "2486"]
[BlackElo "2093"]
[Result "1-0"]
[Round "06"]
[TimeControl "180+2"]
[Date "2023.01.10"]
[WhiteClock "0:01:09"]
[BlackClock "0:00:13"]

1. e4 e5 2. Nf3 Nc6 3. Bb5 a6 4. Ba4 Nf6 5. O-O Be7 6. Re1 b5 7. Bb3 O-O 8. a4 b4 9. d3 d6 10. Nbd2 Rb8 11. h3 Be6 12. Bxe6 fxe6 13. c3 Nd7 14. Nf1 bxc3 15. bxc3 Na5 16. d4 exd4 17. cxd4 e5 18. dxe5 Nxe5 19. Qd5+ Kh8 20. Nxe5 dxe5 21. Qxa5 Bb4 22. Qxe5 Bxe1 23. Be3 Bb4 24. Rc1 Bd6 25. Qd5 Qe7 26. Nd2 Rbd8 27. Qc6 Qe5 28. Nf3 Rxf3 29. gxf3 Qh2+ 30. Kf1 Rf8 31. Ke2 Qxh3 32. e5 Bxe5 33. Qe4 Bd6 34. Rg1 Qh5 35. Bd4 Rg8 36. Rxg7 Rxg7 37. Qa8+ 1-0


[Site "https://www.chess.com"]

[Event "Titled Tuesday Blitz January 10 Late 2023"]
[White "Ruiz Castillo, Joshua Daniel"]
[Black "Becerra, Juan David"]
[WhiteFideId "4400704"]
[BlackFideId "4404998"]
[WhiteElo "2459"]
[BlackElo "2382"]
[Result "1-0"]
[Round "06"]
[TimeControl "180+2"]
[Date "2023.01.10"]
[WhiteClock "0:00:48"]
[BlackClock "0:00:09"]

1. b3 d5 2. Bb2 Bf5 3. d3 c6 4. Nd2 Nd7 5. e4 Bg6 6. Ngf3 f6 7. e5 fxe5 8. Nxe5 Nxe5 9. Bxe5 Nf6 10. Nf3 e6 11. Be2 Bb4+ 12. c3 Be7 13. O-O O-O 14. Re1 Nd7 15. Bg3 Bf6 16. d4 Be4 17. Bd3 Bxf3 18. Qxf3 Bxd4 19. Bxh7+ Kxh7 20. Qd3+ Kg8 21. cxd4 Qf6 22. Re2 Rae8 23. Rae1 c5 24. Qb5 Rf7 25. dxc5 e5 26. f3 Rfe7 27. b4 a6 28. Qd3 Qc6 29. Rd1 Nf6 30. Bh4 e4 31. fxe4 Rxe4 32. Rxe4 dxe4 33. Qc4+ Kh7 34. Rd6 Qb5 35. Qxb5 axb5 36. Bxf6 gxf6 37. Rxf6 e3 38. Kf1 Re4 39. a3 Rc4 40. Ke2 Rc2+ 41. Kxe3 Rxg2 42. Rb6 Rxh2 43. Rxb5 Rh3+ 44. Kd4 1-0


[Site "https://www.chess.com"]

[Event "Titled Tuesday Blitz January 10 Late 2023"]
[White "Szyszylo, Rafal"]
[Black "Gubajdullin, Alexei"]
[WhiteFideId "1109626"]
[BlackFideId "4141202"]
[WhiteElo "2091"]
[BlackElo "2285"]
[Result "0-1"]
[Round "06"]
[TimeControl "180+2"]
[Date "2023.01.10"]
[WhiteClock "0:00:02"]
[BlackClock "0:01:12"]

1. e4 g6 2. d4 d6 3. Be3 Bg7 4. Qd2 c6 5. Nf3 Nd7 6. a4 Ngf6 7. Nc3 e5 8. h3 Qe7 9. dxe5 dxe5 10. a5 Nc5 11. Bd3 O-O 12. O-O Rd8 13. Qe2 Nh5 14. Bc4 Ne6 15. g3 Nd4 16. Bxd4 exd4 17. Na4 Bxh3 18. Rfe1 Bg4 19. Qd3 Nf6 20. Nh2 Be6 21. Bxe6 Qxe6 22. Nc5 Qe7 23. b4 Nd7 24. Nxb7 Rdb8 25. a6 Qxb4 26. Rab1 Qe7 27. Qc4 Ne5 28. Qc5 Qxc5 29. Nxc5 Rb6 30. f4 Nc4 31. e5 Bf8 32. Ne4 Ne3 33. c3 Rxb1 34. Rxb1 dxc3 35. Nxc3 Bc5 36. Kh1 Nf5 37. Kg2 Rd8 38. Ne4 Bb6 39. Ng4 Rd3 40. Ngf6+ Kg7 41. g4 Ne3+ 42. Kh2 Ra3 43. Rc1 Rxa6 44. Rxc6 Nxg4+ 45. Nxg4 Bg1+ 46. Kxg1 Rxc6 47. Kf2 a5 48. Ke3 a4 49. Kd3 a3 50. Nc3 Ra6 51. Na2 Ra4 52. Nf2 Rxf4 53. Ne4 h5 54. Ke3 Rf1 55. Nec3 h4 56. Ke2 Rf5 0-1


[Site "https://www.chess.com"]

[Event "Titled Tuesday Blitz January 10 Late 2023"]
[White "Taboas Rodriguez, Daniel"]
[Black "Perez Rodriguez, Jennifer"]
[WhiteFideId "2208466"]
[BlackFideId "3507831"]
[WhiteElo "2371"]
[BlackElo "2242"]
[Result "1-0"]
[Round "06"]
[TimeControl "180+2"]
[Date "2023.01.10"]
[WhiteClock "0:00:08"]
[BlackClock "0:00:05"]

1. d4 d5 2. Nf3 Nf6 3. c4 c6 4. cxd5 cxd5 5. Nc3 Nc6 6. Bf4 a6 7. Rc1 Bf5 8. e3 e6 9. Qb3 Qd7 10. Be2 Bb4 11. O-O O-O 12. Na4 Qe7 13. Nb6 Rad8 14. Ne5 Nxe5 15. Bxe5 Bd6 16. Bxd6 Qxd6 17. f3 e5 18. Na4 exd4 19. exd4 Rfe8 20. Rfe1 Qf4 21. Rcd1 Re3 22. g3 Rxb3 23. gxf4 Rb4 24. b3 Rc8 25. Nc5 Rb6 26. Kf2 Nd7 27. Rc1 Nxc5 28. dxc5 Rh6 29. Kg2 Rg6+ 30. Kf2 Rh6 31. Rh1 d4 32. b4 d3 33. Bd1 b6 34. Bb3 bxc5 35. Rxc5 Rxc5 36. bxc5 Rc6 37. Rc1 Kf8 38. Rc4 d2 39. Rd4 Rxc5 40. Rxd2 Rc7 41. Ke3 Ke7 42. Rd5 Be6 43. Re5 Rc3+ 44. Kf2 Kd7 45. Bxe6+ fxe6 46. Ra5 Rc6 47. Kg3 Kc7 48. Kg4 Kb6 49. Ra3 Rc2 50. h4 Rg2+ 51. Kh3 Rf2 52. Kg3 Rc2 53. Re3 Rxa2 54. Rxe6+ Kb5 55. Re7 Rc2 56. Rxg7 Rc6 57. Rxh7 a5 58. Rb7+ Kc4 59. Ra7 Kb4 60. f5 a4 61. Kg4 Kb3 62. Kg5 a3 63. h5 Rc4 64. h6 Ra4 65. Rxa4 Kxa4 66. h7 a2 67. h8=Q 1-0


[Site "https://www.chess.com"]

[Event "Titled Tuesday Blitz January 10 Late 2023"]
[White "Sivakumar, Shaashwath"]
[Black "Solon, Nathan"]
[WhiteFideId "30912156"]
[BlackFideId "2017229"]
[WhiteElo "2198"]
[BlackElo "2306"]
[Result "0-1"]
[Round "06"]
[TimeControl "180+2"]
[Date "2023.01.10"]
[WhiteClock "0:00:01"]
[BlackClock "0:00:28"]

1. d4 Nf6 2. c4 c5 3. d5 b5 4. cxb5 a6 5. bxa6 g6 6. g3 Bg7 7. Bg2 d6 8. Nc3 O-O 9. Nf3 Nxa6 10. O-O Bf5 11. Nh4 Bd7 12. Bd2 Qb6 13. Qc1 Rfb8 14. Rb1 Ng4 15. b3 c4 16. bxc4 Qc5 17. Rxb8+ Rxb8 18. Ne4 Qc7 19. Bg5 f5 20. Nd2 h6 21. Bxe7 Kf7 22. h3 Ne5 23. f4 Qb6+ 24. Kh2 Kxe7 25. fxe5 dxe5 26. Qc2 Nb4 27. Qb3 Be8 28. Rb1 Qd6 29. a3 Na6 30. Qc2 Rxb1 31. Qxb1 e4 32. Qb7+ Kf8 33. Nb3 Be5 34. c5 Bxg3+ 35. Kg1 Qf4 0-1


[Site "https://www.chess.com"]

[Event "Titled Tuesday Blitz January 10 Late 2023"]
[White "Dedona, Mark"]
[Black "Filgueira, Hernan"]
[WhiteFideId "30920256"]
[BlackFideId "101770"]
[WhiteElo "1662"]
[BlackElo "2283"]
[Result "0-1"]
[Round "06"]
[TimeControl "180+2"]
[Date "2023.01.10"]
[WhiteClock "0:02:26"]
[BlackClock "0:02:22"]

1. e4 e6 2. d4 d5 3. exd5 exd5 4. Bd3 Bd6 5. Ne2 Ne7 6. Nbc3 c6 7. Bf4 Bf5 8. f3 Na6 9. a3 Nc7 10. Bxd6 Qxd6 11. Ng3 Bg6 12. O-O Qf4 13. Bxg6 hxg6 14. Re1 Ne6 15. Nce2 Qe3+ 16. Kh1 O-O-O 17. c3 Rxh2+ 18. Kxh2 Rh8+ 19. Nh5 Rxh5+ 20. Kg3 Nf5+ 21. Kg4 Qg5# 0-1


[Site "https://www.chess.com"]

[Event "Titled Tuesday Blitz January 10 Late 2023"]
[White "Hamitevici, Vladimir"]
[Black "Kaminski, Victor"]
[WhiteFideId "13902393"]
[BlackFideId "1131630"]
[WhiteElo "2496"]
[BlackElo "2247"]
[Result "1-0"]
[Round "06"]
[TimeControl "180+2"]
[Date "2023.01.10"]
[WhiteClock "0:00:46"]
[BlackClock "0:00:05"]

1. a3 e5 2. c4 f5 3. d4 e4 4. Nc3 Nf6 5. Bf4 Be7 6. e3 O-O 7. c5 b6 8. b4 a5 9. Bc4+ Kh8 10. Nge2 axb4 11. axb4 Rxa1 12. Qxa1 bxc5 13. bxc5 d6 14. Qa8 Nbd7 15. Nb5 Ne8 16. Na7 Nef6 17. Qxc8 Qxc8 18. Nxc8 Rxc8 19. c6 Nb6 20. Be6 Ra8 21. O-O g6 22. Nc3 Ne8 23. h3 Kg7 24. Rb1 Kf6 25. d5 Nc4 26. h4 Ng7 27. Bg5+ Ke5 28. Bxe7 Nxe6 29. dxe6 Kxe6 30. Bg5 Ra6 31. Nb5 Rxc6 32. Nd4+ Kd7 33. Nxc6 1-0


[Site "https://www.chess.com"]